 Dungeon Crawl Stone Soup version 0.29-a0-356-g7bc237e783 (webtiles) character file.

Game seed: 10765315056617202841

112 croobank the Firebug (level 4, 0/32 HPs)
             Began as a Gnoll Fire Elementalist on Apr 26, 2022.
             Slain by a black bear (1 damage)
             ... on level 4 of the Dungeon.
             The game lasted 00:05:26 (1874 turns).

croobank the Firebug (Gnoll Fire Elementalist)      Turns: 1874, Time: 00:05:26

Health: 0/32       AC:  4    Str:  8    XL:     4   Next: 95%
Magic:  7/11       EV: 13    Int: 16    God:
Gold:   103        SH:  0    Dex: 12    Spells: 10/13 levels left

rFire   . . .      SeeInvis .     - Unarmed
rCold   . . .      Faith    .   (no shield)
rNeg    + . .      Spirit   .   a - +0 robe
rPois   .          Reflect  .   (no helmet)
rElec   .          Harm     .   h - +0 cloak
rCorr   .          Rampage  .   j - +0 pair of gloves
Will    +....                   (no boots)
Stlth   +++.......              (no amulet)
HPRegen 0.10/turn               c - ring of willpower
MPRegen 0.12/turn               l - ring of positive energy

@: no status effects
A: fangs 1, strong nose, distributed training
a: no special abilities


You were on level 4 of the Dungeon.
You visited 1 branch of the dungeon, and saw 3 of its levels.

You collected 103 gold pieces.

Inventory:

Missiles
 o - 98 stones
Armour
 a - a +0 robe (worn)
 h - a +0 cloak (worn)
 j - a +0 pair of gloves (worn)
Jewellery
 c - a ring of willpower (left hand)
 l - a ring of positive energy (right hand)
Scrolls
 e - a scroll of enchant weapon {unknown}
 g - 2 scrolls of identify
 k - a scroll of noise {unknown}
 p - a scroll of vulnerability {unknown}
Potions
 b - a potion of magic
 d - a potion of cancellation
 f - 3 potions of might {unknown}
 i - 3 potions of attraction {unknown}
 m - a potion of curing {unknown}
 n - 2 potions of degeneration {unknown}
 q - 2 potions of heal wounds {unknown}
 r - 2 potions of haste {unknown}
 s - a potion of flight {unknown}


   Skills:
 + Level 1.2 Fighting
 + Level 1.2 Short Blades
 + Level 1.2 Long Blades
 + Level 1.2 Axes
 + Level 1.2 Maces & Flails
 + Level 1.2 Polearms
 + Level 1.2 Staves
 + Level 1.2 Slings
 + Level 1.2 Bows
 + Level 1.2 Crossbows
 + Level 1.2 Throwing
 + Level 1.2 Armour
 + Level 4.7 Dodging
 + Level 4.3 Stealth
 + Level 1.2 Shields
 + Level 1.2 Unarmed Combat
 + Level 5.1 Spellcasting
 + Level 2.3 Conjurations
 + Level 1.0 Hexes
 + Level 1.0 Summonings
 + Level 1.0 Necromancy
 + Level 1.0 Translocations
 + Level 1.0 Transmutations
 + Level 5.5 Fire Magic
 + Level 1.0 Ice Magic
 + Level 1.0 Air Magic
 + Level 1.0 Earth Magic
 + Level 1.0 Poison Magic
 + Level 1.4 Invocations
 + Level 1.2 Evocations


You had 10 spell levels left.
You knew the following spells:

 Your Spells              Type           Power      Damage    Failure   Level
a - Foxfire               Conj/Fire      64%        2x1d7     3%          1
b - Scorch                Fire           42%        2d7       2%          2

Your spell library contained the following spells:

 Spells                   Type           Power      Damage    Failure   Level
 Conjure Flame            Conj/Fire      16%        6-21      9%          3
 Inner Flame              Hex/Fire       14%        N/A       12%         3
 Flame Wave               Conj/Fire      16%        2d6       30%         4
 Summon Forest            Summ/Tloc      3%         N/A       95%         5
 Summon Mana Viper        Hex/Summ       7%         N/A       95%         5
 Summon Cactus Giant      Summ           3%         N/A       100%        6


Dungeon Overview and Level Annotations

Branches:
Dungeon (2/15)

Altars:

Shops:
D:1 :

Annotations:
D:4 Robin


Innate Abilities, Weirdness & Mutations

You have very sharp teeth.
Your uncanny sense of smell can sniff out nearby items.
Your experience applies equally to all skills.


Message History

Your Summonings skill increases to level 1!
Your Necromancy skill increases to level 1!
Your Translocations skill increases to level 1!
Your Transmutations skill increases to level 1!
Your Ice Magic skill increases to level 1!
Your Air Magic skill increases to level 1!
Your Earth Magic skill increases to level 1!
Your Poison Magic skill increases to level 1! 2 hobgoblins come into view.
Found a manual of Conjurations.
The hobgoblin moves out of view.
The black bear attacks as you move away!
The black bear barely misses you. The black bear closely misses you. x2
An ogre and 2 goblins come into view.
The black bear attacks as you move away!
The black bear bites you. The black bear barely misses you.
The black bear claws you but does no damage.
A ball python comes into view.
The black bear attacks as you move away!
The black bear closely misses you. x2; The black bear claws you.
* * * LOW HITPOINT WARNING * * *
The ogre attacks as you move away! The ogre closely misses you.
Robin points. "Kill!"
Robin roars a battlecry!
The hobgoblin goes into a battle-frenzy!
Okay, then.
A hobgoblin comes into view.
A hobgoblin comes into view.
The black bear attacks as you move away!
The black bear bites you.
* * * LOW HITPOINT WARNING * * *
The black bear barely misses you. The black bear claws you.
* * * LOW HITPOINT WARNING * * *
As you read the scroll labelled ZINUIFF TEIT, it crumbles to dust.
It is a scroll of identify.
d - a potion of cancellation The black bear bites you but does no damage.
The black bear claws you.
* * * LOW HITPOINT WARNING * * *
The black bear claws you.
You die...

#...# #:###g.#
#.#..#.#.#.#.#
......###..#.#
#gg..#gg.#.#
#.#gg)###..#
#.#OS.S.g.## ∆
#.#g#######
#.#o# #@#.#
#.h.# ###.#
###


You could see a black bear and 2 hobgoblins.

Vanquished Creatures
  2 hounds (D:4)
  An adder (D:2)
  A dart slug (D:1)
  4 bats
  3 endoplasms
  2 giant cockroaches
  9 goblins
  3 hobgoblins
  6 jackals (D:1)
  A quokka (D:2)
  A ball python (D:1)
  A frilled lizard (D:2)
  A kobold (D:1)
  2 rats
37 creatures vanquished.

Vanquished Creatures (others)
  82 foxfires
82 creatures vanquished.

Grand Total: 119 creatures vanquished

Notes
Turn   | Place    | Note
-------+----------+-------------------------------------------
     0 | D:1      | croobank the Gnoll Fire Elementalist began the quest for
                  | the Orb.
     0 | D:1      | Reached XP level 1. HP: 13/13 MP: 6/6
   193 | D:1      | Reached XP level 2. HP: 19/19 MP: 3/7
   656 | D:1      | Found Maexorao's Book Boutique.
   734 | D:1      | Reached XP level 3. HP: 25/25 MP: 6/9
   791 | D:1      | Reached skill level 5 in Spellcasting
   794 | D:1      | Learned a level 2 spell: Scorch
  1251 | D:2      | Reached skill level 1 in Invocations
  1364 | D:2      | Found a faded altar of an unknown god.
  1843 | D:2      | You fall into a shaft and drop 2 floors!
  1846 | D:4      | Reached skill level 1 in Fighting
  1846 | D:4      | Reached skill level 1 in Short Blades
  1846 | D:4      | Reached skill level 1 in Long Blades
  1846 | D:4      | Reached skill level 1 in Axes
  1846 | D:4      | Reached skill level 1 in Maces & Flails
  1846 | D:4      | Reached skill level 1 in Polearms
  1846 | D:4      | Reached skill level 1 in Staves
  1846 | D:4      | Reached skill level 1 in Slings
  1846 | D:4      | Reached skill level 1 in Bows
  1846 | D:4      | Reached skill level 1 in Crossbows
  1846 | D:4      | Reached skill level 1 in Throwing
  1846 | D:4      | Reached skill level 1 in Armour
  1846 | D:4      | Reached skill level 1 in Shields
  1846 | D:4      | Reached skill level 1 in Unarmed Combat
  1846 | D:4      | Reached skill level 1 in Evocations
  1846 | D:4      | Reached XP level 4. HP: 32/32 MP: 6/11
  1848 | D:4      | Noticed a black bear
  1859 | D:4      | Noticed Robin
  1861 | D:4      | Reached skill level 1 in Hexes
  1861 | D:4      | Reached skill level 1 in Summonings
  1861 | D:4      | Reached skill level 1 in Necromancy
  1861 | D:4      | Reached skill level 1 in Translocations
  1861 | D:4      | Reached skill level 1 in Transmutations
  1861 | D:4      | Reached skill level 1 in Ice Magic
  1861 | D:4      | Reached skill level 1 in Air Magic
  1861 | D:4      | Reached skill level 1 in Earth Magic
  1861 | D:4      | Reached skill level 1 in Poison Magic
  1865 | D:4      | Noticed an ogre
  1874 | D:4      | HP: 1/32 [black bear (1)]
  1874 | D:4      | Slain by a black bear

Illustrated notes

Levels and vault maps discovered:
D:1:      lemuel_arrival_hallway, layout_basic, serial_shops,
          nicolae_shop_hallway_stairs
D:2:      layout_loops_cross, shapermc_ecumenical_altar_venn
D:4:      minmay_spotlight, layout_basic, minmay_temple_entry_statues,
          enter_ossuary_4, minmay_manual_mail, uniq_eustachio, uniq_robin

Skill      XL: |  1  2  3  4 |
---------------+-------------+-----
Conjurations   | 2 |  2.3
Spellcasting   | 5 |  5.1
Invocations    | 1 |  1.4
Fighting       | 1 |  1.2
Short Blades   | 1 |  1.2
Long Blades    | 1 |  1.2
Axes           | 1 |  1.2
Maces & Flails | 1 |  1.2
Polearms       | 1 |  1.2
Staves         | 1 |  1.2
Slings         | 1 |  1.2
Bows           | 1 |  1.2
Crossbows      | 1 |  1.2
Throwing       | 1 |  1.2
Armour         | 1 |  1.2
Shields        | 1 |  1.2
Unarmed Combat | 1 |  1.2
Evocations     | 1 |  1.2
Hexes          | 1 |  1.0
Summonings     | 1 |  1.0
Necromancy     | 1 |  1.0
Translocations | 1 |  1.0
Transmutations | 1 |  1.0
Ice Magic      | 1 |  1.0
Air Magic      | 1 |  1.0
Earth Magic    | 1 |  1.0
Poison Magic   | 1 |  1.0
Dodging        | |  4.7
Stealth        | |  4.3
Fire Magic     | |  5.5

Action                   |  1- 3 |  4- 6 || total
-------------------------+-------+-------++-------
Melee: Unarmed           |    14 |     6 ||    20
       Bite              |     2 |       ||     2
 Cast: Foxfire           |    43 |       ||    43
       Scorch            |     8 |     6 ||    14
  Use: Scroll            |       |     1 ||     1
       Potion            |       |     1 ||     1
Armor: Robe              |    12 |     4 ||    16
Dodge: Dodged            |    18 |    19 ||    37

Table legend: (Time is in decaauts)
 A = Elapsed time spent in this place.
 B = Non-inter-level travel time spent in this place.
 C = Inter-level travel time spent in this place.
 D = Time resting spent in this place.
 E = Time spent auto-exploring this place.
 F = Levels seen in this place.
 G = Mean time per level.
                   A        B        C        D        E       F      G
               +--------+--------+--------+--------+--------+-----+--------+
         Total |   1872 |   1825 |     47 |    174 |   1379 |   3 |  624.0 |
       Dungeon |   1872 |   1825 |     47 |    174 |   1379 |   3 |  624.0 |
               +--------+--------+--------+--------+--------+-----+--------+

Top non-repeatable levels by time:
     D:1: 1205 daAuts
     D:2: 636 daAuts
     D:4: 30 daAuts
